 Dungeon Crawl Stone Soup version 0.21-a0-110-g8e1637b (webtiles) character file.

7051 Ordine the Basher (level 11, -5/60 HPs)
             Began as a Gargoyle Fighter on July 7, 2017.
             Was a High Priest of Okawaru.
             Slain by a swamp worm (14 damage)
             ... on level 10 of the Dungeon.
             The game lasted 00:24:12 (10253 turns).

Ordine the Basher (Gargoyle Fighter)               Turns: 10253, Time: 00:24:13

Health: -5/60      AC: 18    Str: 23    XL:     11   Next: 9%
Magic:  11/11      EV:  6    Int: 15    God:    Okawaru [*****.]
Gold:   798        SH: 14    Dex: 12    Spells: 10/10 levels left

rFire    . . .     SeeInvis .   A - +3 mace of the Insatiable Songs {protect, Str+4}
rCold    . . .     Gourm    .   c - +0 shield
rNeg     + . .     Faith    .   G - +0 plate armour
rPois    ∞         Spirit   .   (no helmet)
rElec    +         Reflect  +   b - scarf {repulsion}
rCorr    +         Harm     .   (no gloves)
MR       .....                  (no boots)
Stlth    ..........             a - +2 amulet of reflection
HPRegen  0.20/turn              o - ring of resist corrosion
MPRegen  0.12/turn              y - +5 ring of intelligence

@: repel missiles, very slow
A: negative energy resistance 1, electricity resistance, unbreathing,
petrification resistance, rot immunity, AC +7
a: Heroism, Finesse, Renounce Religion


You were on level 10 of the Dungeon.
You worshipped Okawaru.
Okawaru was extremely pleased with you.
You were not hungry.

You visited 2 branches of the dungeon, and saw 11 of its levels.
You also visited: Ossuary.

You collected 798 gold pieces.

Inventory:

Hand Weapons
 A - the +3 mace of the Insatiable Songs (weapon) {protect, Str+4}
   (You found it on level 7 of the Dungeon)

   It protects the one who uses it against injury (+AC on strike).
   It affects your strength (+4).
Armour
 b - a scarf of repulsion (worn)
 c - a +0 shield (worn)
 G - a +0 plate armour (worn)
Jewellery
 a - a +2 amulet of reflection (around neck)
 o - a ring of resist corrosion (left hand)
 y - a +5 ring of intelligence (right hand)
Scrolls
 g - 2 scrolls of recharging
 k - 7 scrolls of remove curse
 u - a scroll of immolation
 v - 2 scrolls of fog
 w - 7 scrolls of teleportation
 B - 5 scrolls of identify
 D - a scroll of amnesia
 F - a scroll of enchant armour
Potions
 d - 3 potions of mutation
 e - a potion of magic
 h - 4 potions of cancellation
 i - a potion of agility
 j - 5 potions of curing
 m - 3 potions of heal wounds
 n - a potion of resistance
 q - a potion of berserk rage
 r - 3 potions of might
 t - 3 potions of haste
 x - 2 potions of flight
 z - 2 potions of lignification
 C - a potion of invisibility
 E - a potion of brilliance
Comestibles
 f - 12 bread rations
 l - 5 meat rations
 p - 7 royal jellies
 s - 13 fruits
 H - 3 chunks of flesh


   Skills:
 + Level 3.5 Fighting
 * Level 13.2 Maces & Flails
 + Level 3.4 Armour
 + Level 0.7 Dodging
 + Level 10.8 Shields
 + Level 1.0 Invocations


You had 10 spell levels left.
You didn't know any spells.

Dungeon Overview and Level Annotations

Branches:
Dungeon (10/15)            Temple (1/1) D:5            Lair (0/6) D:8
    Orc (0/2) D:9

Altars:
Ashenzari
Cheibriados
Dithmenos
Elyvilon
Fedhas
Gozag
Hepliaklqana
Kikubaaqudgha
Makhleb
Nemelex Xobeh
Okawaru
Qazlal
Ru
Sif Muna
Trog
Uskayaw
Vehumet
Wu Jian
Xom
Yredelemnul
Zin
The Shining One

Shops:
D:8 ((   D:9 (


Innate Abilities, Weirdness & Mutations

You are resistant to torment.
Your stone body is resilient. (AC +7)
You are immune to poison.
You resist negative energy. (rN+)
You are resistant to electric shocks. (rElec)
You can survive without breathing.
You are immune to petrification.
You are immune to rotting.


Message History

You hear a splash. x2
Your Invocations skill increases to level 1!
You hear a splash.
You enter the shallow water.
Moving in this stuff is going to be slow.
Things that are here:
an enchanted shortbow; 9 arrows There isn't anything to butcher here.
Why would you want to do that?
Some of the chunks of flesh in your inventory have rotted away.
A swamp worm bursts forth from the water.
You block the swamp worm's attack.
A swamp worm bursts forth from the water.
The swamp worm bites you! The swamp worm bites you. x2
You barely miss the swamp worm. The swamp worm bites you!
* * * LOW HITPOINT WARNING * * *
You block the swamp worm's attack. You block the swamp worm's attack.
The swamp worm bites you!
You die...

#.#.##.# ##......# #.#.....
#.#.##.# #..##### #.#.....
#.#.##.# ##.# #.######
#......#####.########.#
#.#.##...≈)≈≈≈≈≈...##.#
#####.#.##.≈≈≈≈≈≈≈≈≈≈≈..#.#
..........(≈≈#######≈≈≈.#'###
####.#.##(≈P#≈≈w≈≈##≈≈.....#
######.#.#((≈≈≈≈@w≈≈[#≈≈.....#
...........≈≈P#≈≈≈≈≈##≈≈.....#
######.#.##≈≈≈#######≈≈≈##'###
...#.#..≈≈≈≈≈≈≈≈≈≈≈###.#
#####.#....≈≈≈≈≈≈≈.# #.#
#.#........##..####.#
#.#.......##........#
#.#.......##........# #
##+#'########........# #


You could see 2 swamp worms.

Vanquished Creatures
  A two-headed ogre (D:9)
  Maurice (D:8)
  The ghost of newuser the Cudgeler, a novice VSWn of Okawaru (Ossuary)
  A hornet (D:7)
  Prince Ribbit (D:7)
  A wyvern (D:9)
  A spriggan (D:7)
  5 yaks (D:10)
  2 swamp worms (D:10)
  2 orc warriors
  2 eyes of draining
  A necrophage (D:7)
  2 ice beasts
  A sky beast (D:10)
  3 phantoms
  5 ogres
  5 centaurs
  6 bullfrogs
  A big kobold (D:10)
  A gnoll sergeant (D:9)
  2 wyvern zombies
  A water moccasin zombie (Ossuary)
  2 scorpions
  4 howler monkeys
  5 crimson imps
  A bullfrog zombie (D:6)
  2 hounds
  2 orc priests (D:5)
  2 bullfrog skeletons (D:7)
  A jelly (D:7)
  2 orc wizards
  6 iguanas
  7 worker ants
  A killer bee zombie (D:8)
  4 big kobold zombies (Ossuary)
  2 mummies (Ossuary)
  2 hound zombies
  A worker ant zombie (D:5)
  8 adders
  3 gnolls (D:9)
  4 shadow imps
  2 adder skeletons
  5 adder zombies
  17 worms
  A dart slug (D:1)
  3 leopard geckos
  23 orcs
  2 giant cockroaches
  2 gnoll zombies (Ossuary)
  8 goblins
  11 hobgoblins
  8 jackals
  2 quokkas
  2 ball pythons (D:5)
  2 bats
  A frilled lizard (D:4)
  8 hobgoblin zombies (Ossuary)
  7 kobolds
  5 kobold zombies (Ossuary)
  2 leopard gecko skeletons (D:4)
  5 orc zombies (Ossuary)
  5 rats
226 creatures vanquished.

Vanquished Creatures (others)
  2 centaurs
  2 plants (D:10)
4 creatures vanquished.

Grand Total: 230 creatures vanquished

Notes
Turn   | Place    | Note
-------+----------+-------------------------------------------
     0 | D:1      | Ordine the Gargoyle Fighter began the quest for the Orb.
     0 | D:1      | Reached XP level 1. HP: 14/14 MP: 1/1
     0 | D:1      | Noticed a human
     5 | D:1      | Noticed a centaur
    10 | D:1      | Noticed a minotaur zombie
   240 | D:1      | Reached XP level 2. HP: 16/19 MP: 2/2
   490 | D:1      | Reached skill level 3 in Maces & Flails
   548 | D:1      | Reached XP level 3. HP: 23/23 MP: 3/3
  1469 | D:2      | Reached XP level 4. HP: 28/28 MP: 4/4
  2624 | D:4      | Found a sacrificial altar of Ru.
  2632 | D:4      | Reached skill level 4 in Maces & Flails
  2632 | D:4      | Reached XP level 5. HP: 30/32 MP: 5/5
  2803 | D:4      | Reached skill level 5 in Maces & Flails
  2803 | D:4      | Reached XP level 6. HP: 37/37 MP: 6/6
  2824 | D:4      | Found a hazy altar of Hepliaklqana.
  2824 | D:4      | Found a glowing golden altar of the Shining One.
  2831 | D:4      | Found an ancient bone altar of Kikubaaqudgha.
  2833 | D:4      | Found a deep blue altar of Sif Muna.
  2835 | D:4      | Found an opulent altar of Gozag.
  2880 | D:4      | Reached skill level 5 in Shields
  2917 | D:4      | Found a sand-covered staircase.
  2927 | Ossuary  | Entered an ossuary
  3000 | Ossuary  | Noticed newuser's ghost (novice VSWn)
  3048 | Ossuary  | Killed newuser's ghost
  3048 | Ossuary  | Reached skill level 6 in Maces & Flails
  3048 | Ossuary  | Reached XP level 7. HP: 29/41 MP: 7/7
  3129 | Ossuary  | Reached skill level 7 in Maces & Flails
  4076 | D:5      | Entered Level 5 of the Dungeon
  4156 | D:5      | Found a staircase to the Ecumenical Temple.
  4173 | Temple   | Entered the Ecumenical Temple
  4179 | Temple   | Became a worshipper of Warmaster Okawaru
  4348 | D:5      | Reached XP level 8. HP: 32/46 MP: 8/8
  4389 | D:5      | Reached skill level 8 in Maces & Flails
  4516 | D:5      | Reached * piety under Okawaru
  5373 | D:5      | Reached skill level 9 in Maces & Flails
  5589 | D:6      | Reached XP level 9. HP: 35/51 MP: 9/9
  5705 | D:6      | Found a glowing silver altar of Zin.
  6436 | D:7      | Got a scorched mace
  6438 | D:7      | Identified the +3 mace of the Insatiable Songs {protect, Str+4} (You found it on level 7 of the Dungeon)
  6504 | D:7      | Reached ** piety under Okawaru
  6585 | D:7      | Noticed a hornet
  6598 | D:7      | Killed a hornet
  6598 | D:7      | Reached skill level 10 in Maces & Flails
  6906 | D:7      | Noticed Prince Ribbit
  6919 | D:7      | Killed Prince Ribbit
  7312 | D:8      | Noticed Maurice
  7332 | D:8      | Killed Maurice
  7332 | D:8      | Reached skill level 11 in Maces & Flails
  7345 | D:7      | Reached XP level 10. HP: 37/56 MP: 10/10
  7899 | D:8      | Reached *** piety under Okawaru
  7930 | D:8      | Found Heahoa's Antique Weapon Shoppe.
  8020 | D:8      | Found a staircase to the Lair.
  8139 | D:8      | Found Futy's Weapon Shop.
  8428 | D:9      | Found a bloodstained altar of Trog.
  8529 | D:9      | Reached skill level 12 in Maces & Flails
  8545 | D:9      | Found a staircase to the Orcish Mines.
  8572 | D:9      | Found Sooga's Weapon Shoppe.
  8697 | D:9      | Noticed a two-headed ogre
  8711 | D:9      | Killed a two-headed ogre
  8711 | D:9      | Reached **** piety under Okawaru
  8711 | D:9      | Reached skill level 10 in Shields
  9444 | D:10     | Entered Level 10 of the Dungeon
  9749 | D:10     | Reached skill level 13 in Maces & Flails
  9770 | D:10     | Reached XP level 11. HP: 52/60 MP: 11/11
 10049 | D:10     | Reached ***** piety under Okawaru
 10236 | D:10     | Reached skill level 1 in Invocations
 10253 | D:10     | Slain by a swamp worm

Vault maps used:
D:1:      shiori_arrival_whats_in_store_for_you
D:2:      corexii_leaking_fountain
D:3:      first_bread, serial_bayou_crossing
D:4:      kennysheep_six_static_rooms, chequers_temple_overflow_minitemple,
          nicolae_ossuary_entry_ruins, nicolae_ru_sacrificial_ziggurat
D:5:      minmay_temple_entry_statues_pillars
D:6:      kennysheep_little_box
D:7:      the_bakery, uniq_prince_ribbit1
D:8:      lair_entry_dummy, serial_shops, shop, shop, uniq_maurice
D:9:      orc_david_3, basic_altar
D:10:     worms_lemuel
Temple:   eino_temple_rhombus
Ossuary:  ossuary_tomb_2

Skill      XL: |  1  2  3  4  5  6  7  8  9 10 11 |
---------------+----------------------------------+-----
Maces & Flails | 3 4 5 6 7 9 11 13 | 13.2
Shields        | 4 5 6 7 9 10 | 10.8
Invocations    | 1 |  1.0
Fighting       | |  3.5
Armour         | |  3.4
Dodging        | |  0.7

Action                   |  1- 3 |  4- 6 |  7- 9 | 10-12 || total
-------------------------+-------+-------+-------+-------++-------
Melee: Flail             |   108 |       |       |       ||   108
       Whip              |    60 |   208 |   361 |       ||   629
       Mace              |       |       |    98 |   441 ||   539
  Use: Scroll            |     5 |     5 |    11 |     3 ||    24
       Potion            |       |     2 |     2 |     2 ||     6
  Eat: Chunk             |     2 |     5 |    14 |    10 ||    31
Armor: Scale mail        |    50 |       |       |       ||    50
       Chain mail        |    21 |    75 |   172 |    30 ||   298
       Plate armour      |       |       |       |    94 ||    94
Dodge: Dodged            |    39 |    29 |    60 |    44 ||   172
       Deflected         |       |       |     6 |     1 ||     7
Block: Shield            |    61 |   103 |   264 |   233 ||   661
       Reflection        |       |       |     8 |     7 ||    15
